 Dungeon Crawl Stone Soup version 0.19.0-11-g3fc08b3 (webtiles) character file.

246 Rrauwl the Shield-Bearer (level 5, -1/47 HPs)
             Began as a Minotaur Fighter on Nov 10, 2016.
             Was an Initiate of the Shining One.
             Slain by a giant cockroach (2 damage)
             ... on level 4 of the Dungeon.
             The game lasted 00:23:15 (2471 turns).

Rrauwl the Shield-Bearer (Minotaur Fighter)         Turns: 2471, Time: 00:23:16

Health: -1/47      AC: 13    Str: 21    XL:     5   Next: 84%
Magic:  4/4        EV:  4    Int:  5    God:    the Shining One [......]
Gold:   160        SH: 10    Dex: 10    Spells: 0 memorised, 4 levels left

rFire  . . .     SeeInvis .     a - +0 long sword
rCold  . . .     Gourm    .     m - +0 plate armour
rNeg   . . .     Faith    .     c - +0 shield
rPois  .         Spirit   .     (helmet restricted)
rElec  .         Reflect  .     (no cloak)
rCorr  .         Harm     +     (no gloves)
MR     .....                    w - +0 pair of boots
Stlth  ..........               k - amulet of harm
                                (no ring)
                                (no ring)

@: flying, glowing
A: retaliatory headbutt, horns 2
a: Renounce Religion


You were on level 4 of the Dungeon.
You worshipped the Shining One.
The Shining One was noncommittal.
You were not hungry.

You visited 1 branch of the dungeon, and saw 4 of its levels.

You collected 160 gold pieces.

Inventory:

Hand Weapons
 a - a +0 long sword (weapon)
 i - a +2 short sword of flaming
 o - a +1 mace of venom
Missiles
 h - 42 bolts
 j - 29 stones (quivered)
 n - 5 needles of paralysis
 p - 25 arrows
 t - 4 tomahawks of returning
 u - 20 sling bullets
Armour
 c - a +0 shield (worn)
 m - a +0 plate armour (worn)
 q - a cursed +0 robe
 w - a +0 pair of boots (worn)
Jewellery
 k - an amulet of harm (around neck)
Scrolls
 b - a scroll of immolation
 e - a scroll of remove curse
Books
 v - a book of Callings

   Spells                             Type                      Level
   a - Summon Small Mammal            Summoning                    1
   b - Call Imp                       Summoning                    2
   c - Call Canine Familiar           Summoning                    3
   d - Summon Guardian Golem          Hexes/Summoning              3
   e - Summon Lightning Spire         Summoning/Air                4
   f - Summon Ice Beast               Ice/Summoning                4
Comestibles
 f - 3 bread rations
 g - 4 meat rations
 l - 2 slices of pizza
 r - 6 chunks of flesh


   Skills:
 + Level 4.3 Fighting
 + Level 4.5 Long Blades
 + Level 5.0 Armour
 + Level 0.9 Dodging
 + Level 0.1 Stealth
 + Level 5.1 Shields


You had 4 spell levels left.
You didn't know any spells.

Dungeon Overview and Level Annotations

Branches:
Dungeon (4/15)
 Temple: D:4-7

Altars:
Yredelemnul
Zin
The Shining One

Annotations:
D:4 Salmoras's ghost, amateur DgWn


Innate Abilities, Weirdness & Mutations

You reflexively headbutt those who attack you in melee.
You have a pair of horns on your head.


Message History

Salmoras's ghost stares at you. Salmoras's ghost barely misses you.
The orc hits you from afar with a trident.
* * * LOW HITPOINT WARNING * * *
The giant cockroach bites you but does no damage.
You hit Salmoras's ghost but do no damage.
Salmoras's ghost is severely damaged.
You block Salmoras's ghost's attack. The giant cockroach barely misses you.
You block the orc's attack.
Salmoras's ghost hits you but does no damage.
You hit Salmoras's ghost but do no damage.
Salmoras's ghost is severely damaged.
You block the giant cockroach's attack. The orc hits you but does no damage.
You block Salmoras's ghost's attack.
The giant cockroach bites you but does no damage.
Your magical contamination has completely faded away.
You hit Salmoras's ghost but do no damage.
Salmoras's ghost is severely damaged.
The orc hits you but does no damage. The giant cockroach bites you.
You die...

................
....)............#
......#.........># .
........)........# ....
.................. o....
.................###....
........................
................s##.##...
................@Wo......
..................)......
.........................
.........................
########.................
##...............#
######..........#
#..........# ###########


You could see Salmoras's ghost, an orc and a giant cockroach.

Vanquished Creatures
  An orc priest (D:4)
  2 orc wizards (D:4)
  An iguana (D:4)
  A worker ant (D:4)
  A hound skeleton (D:4)
  2 adders (D:2)
  An ooze (D:3)
  A worm (D:2)
  A dart slug (D:1)
  5 leopard geckos
  5 orcs
  11 bats
  8 giant cockroaches
  9 goblins
  7 hobgoblins
  A ball python (D:1)
  A frilled lizard (D:3)
  2 gnoll zombies (D:2)
  4 kobolds
  5 rats
69 creatures vanquished.

Vanquished Creatures (others)
  A plant (D:1)
1 creature vanquished.

Grand Total: 70 creatures vanquished

Notes
Turn   | Place    | Note
-------+----------+-------------------------------------------
     0 | D:1      | Rrauwl the Minotaur Fighter began the quest for the Orb.
     0 | D:1      | Reached XP level 1. HP: 19/19 MP: 0/0
   246 | D:1      | Reached XP level 2. HP: 26/27 MP: 1/1
   984 | D:2      | Reached XP level 3. HP: 27/33 MP: 2/2
  1032 | D:2      | Found a glowing silver altar of Zin.
  1170 | D:2      | Found a basalt altar of Yredelemnul.
  1436 | D:2      | Reached XP level 4. HP: 40/40 MP: 3/3
  2231 | D:3      | Found a glowing golden altar of the Shining One.
  2234 | D:3      | Became a worshipper of the Shining One
  2392 | D:4      | Reached XP level 5. HP: 38/46 MP: 4/4
  2416 | D:4      | Reached skill level 5 in Shields
  2449 | D:4      | Noticed Salmoras's ghost (amateur DgWn)
  2454 | D:4      | Reached skill level 5 in Armour
  2468 | D:4      | HP: 1/47 [orc/trident (6)]
  2471 | D:4      | Slain by a giant cockroach

Skill      XL: |  1  2  3  4  5 |
---------------+----------------+-----
Armour         | 4 5 |  5.0
Shields        | 4 5 |  5.1
Long Blades    | 3 4 |  4.5
Fighting       | 4 |  4.3
Dodging        | |  0.9
Stealth        | |  0.1

Action                   |  1- 3 |  4- 6 || total
-------------------------+-------+-------++-------
Melee: Long sword        |    89 |    86 ||   175
       Whip              |     8 |       ||     8
       Headbutt          |    10 |    12 ||    22
  Use: Scroll            |     5 |     4 ||     9
       Potion            |     2 |     5 ||     7
  Eat: Chunk             |     2 |     3 ||     5
Armor: Scale mail        |    39 |     7 ||    46
       Plate armour      |       |    51 ||    51
Dodge: Dodged            |    22 |    22 ||    44
Block: Shield            |    44 |    54 ||    98
       Rpst.: Long sword |     6 |     5 ||    11
